 Dungeon Crawl Stone Soup version 0.22.1-1-ga44c0e56f4 (webtiles) character file.

340 Cykl0x the Chopper (level 6, 0/48 HPs)
             Began as a Demonspawn Berserker on Oct 1, 2018.
             Was a Priest of Trog.
             Slain by Grinder (2 damage)
             ... on level 3 of the Dungeon.
             The game lasted 00:17:25 (2798 turns).

Cykl0x the Chopper (Demonspawn Berserker)           Turns: 2798, Time: 00:17:26

Health: 0/48       AC: 10    Str: 20    XL:     6   Next: 30%
Magic:  6/6        EV:  9    Int:  8    God:    Trog [***...]
Gold:   132        SH:  8    Dex: 12    Spells: 5/5 levels left

rFire    . . .     SeeInvis .   a - +0 hand axe
rCold    . . .     Gourm    .   l - +0 shield
rNeg     . . .     Faith    .   f - +1 ring mail
rPois    .         Spirit   .   (no helmet)
rElec    .         Reflect  .   (no cloak)
rCorr    .         Harm     .   m - +0 pair of gloves (curse)
MR       .....                  p - +0 pair of boots
Stlth    +++.......             (no amulet)
HPRegen  0.16/turn              (no ring)
MPRegen  0.10/turn              (no ring)

@: berserk cooldown, slowed, very slow
A: yellow scales 1, nightstalker 2
a: Berserk, Trog's Hand, Renounce Religion


You were on level 3 of the Dungeon.
You worshipped Trog.
Trog was most pleased with you.
You were not hungry.

You visited 1 branch of the dungeon, and saw 3 of its levels.

You collected 132 gold pieces.

Inventory:

Hand Weapons
 a - a +0 hand axe (weapon)
Armour
 f - a +1 ring mail (worn)
 l - a +0 shield (worn)
 m - a cursed +0 pair of gloves (worn)
 p - a +0 pair of boots (worn)
Jewellery
 o - an uncursed ring of protection from cold {unknown}
Scrolls
 g - 5 scrolls of blinking
Potions
 b - a potion of magic {unknown}
 d - a potion of degeneration {unknown}
 e - a potion of lignification {unknown}
 h - a potion of might
 j - a potion of agility {unknown}
 k - a potion of brilliance {unknown}
 n - a potion of resistance {unknown}
Comestibles
 c - 2 rations


   Skills:
 + Level 4.0 Fighting
 + Level 4.7 Axes
 + Level 3.1 Armour
 + Level 2.5 Dodging
 + Level 0.8 Stealth
 + Level 0.9 Shields


You had 5 spell levels left.
You didn't know any spells.
Your spell library was empty.

Dungeon Overview and Level Annotations

Branches:
Dungeon (3/15)

Altars:
Dithmenos
Hepliaklqana
Xom

Annotations:
D:3 Grinder


Innate Abilities, Weirdness & Mutations

You are partially covered in yellow scales. (AC +2)
You are significantly more attuned to the shadows.


Message History

A leopard gecko comes into view.
There is an open door here.
Found a scroll labeled LIMIEJ IVUW.
Grinder hits you. Grinder hits you!
You writhe in agony.
The leopard gecko hisses angrily.
You hit Grinder but do no damage. Grinder gestures at you.
Pain shoots through your body!
You closely miss Grinder. Grinder barely misses you.
You block the leopard gecko's attack. Grinder barely misses you.
You hit Grinder.
Grinder is lightly wounded.
You closely miss the leopard gecko. The leopard gecko bites you.
* * * LOW HITPOINT WARNING * * *
Grinder hits you!
* * * LOW HITPOINT WARNING * * *
You writhe in agony.
* * * LOW HITPOINT WARNING * * *
You block the leopard gecko's attack. Grinder hits you.
You die...

#)# ##
#)# #
#)# #
#.# #
#.# #
#.# #
#####'##
.......#
.....@.#
.....5l#
.......#
.......#
.?.....#
.......#


You could see Grinder and a leopard gecko.

Vanquished Creatures
  3 crimson imps (D:3)
  An orc priest (D:3)
  An orc wizard (D:3)
  Robin (D:3)
  A gnoll (D:1)
  5 adders
  2 oozes
  2 worms
  2 dart slugs
  2 leopard geckos (D:1)
  6 orcs (D:3)
  3 bats
  5 giant cockroaches
  13 goblins
  10 hobgoblins
  10 jackals
  2 quokkas
  3 frilled lizards
  9 kobolds
  5 rats
86 creatures vanquished.

Notes
Turn   | Place    | Note
-------+----------+-------------------------------------------
     0 | D:1      | Cykl0x the Demonspawn Berserker began the quest for the
                  | Orb.
     0 | D:1      | Reached XP level 1. HP: 18/18 MP: 1/1
   326 | D:1      | Gained mutation: You are slightly more attuned to the
                  | shadows. [demonic ancestry]
   326 | D:1      | Reached XP level 2. HP: 7/24 MP: 2/2
   696 | D:1      | Reached XP level 3. HP: 28/29 MP: 3/3
  1139 | D:2      | Reached ** piety under Trog
  1468 | D:2      | Reached XP level 4. HP: 32/35 MP: 4/4
  1503 | D:2      | Found a shadowy altar of Dithmenos.
  1994 | D:2      | Found a hazy altar of Hepliaklqana.
  2311 | D:3      | Noticed Robin
  2321 | D:3      | Reached *** piety under Trog
  2322 | D:3      | Gained mutation: You are significantly more attuned to the
                  | shadows. [demonic ancestry]
  2322 | D:3      | Reached XP level 5. HP: 42/42 MP: 5/5
  2334 | D:3      | Killed Robin
  2441 | D:3      | Found a shimmering altar of Xom.
  2599 | D:3      | Gained mutation: You are partially covered in yellow
                  | scales. (AC +2) [demonic ancestry]
  2599 | D:3      | Reached XP level 6. HP: 48/48 MP: 6/6
  2792 | D:3      | Noticed Grinder
  2798 | D:3      | HP: 2/48 [Grinder (5)]
  2798 | D:3      | Slain by Grinder

Skill      XL: |  1  2  3  4  5  6 |
---------------+-------------------+-----
Armour         | 2 3 |  3.1
Axes           | 3 4 |  4.7
Dodging        | 2 |  2.5
Fighting       | 4 |  4.0
Stealth        | |  0.8
Shields        | |  0.9

Action                   |  1- 3 |  4- 6 || total
-------------------------+-------+-------++-------
Melee: Hand axe          |   114 |   224 ||   338
Invok: Berserk           |       |     2 ||     2
  Use: Scroll            |     2 |     4 ||     6
 Stab: Sleeping          |     4 |     4 ||     8
  Eat: Ration            |     1 |     1 ||     2
       Chunk             |       |     3 ||     3
Armor: Animal skin       |     4 |       ||     4
       Ring mail         |    43 |    74 ||   117
Dodge: Dodged            |    65 |    92 ||   157
Block: Shield            |       |    58 ||    58
